 Dungeon Crawl Stone Soup version 0.26-a0-658-gbdda728c12 (webtiles) character file.

Game seed: 15017016760717785599

36593 marklar909 the Unseen (level 14, 0/88 HPs)
             Began as a Kobold Enchanter on Oct 4, 2020.
             Was an Elder of Ashenzari.
             Slain by an eight-headed hydra (12 damage)
             ... on level 6 of the Lair of Beasts.
             The game lasted 00:59:10 (26652 turns).

marklar909 the Unseen (Kobold Enchanter)           Turns: 26652, Time: 00:59:11

Health: 0/88       AC: 15    Str: 10    XL:     14   Next: 24%
Magic:  0/25       EV: 22    Int: 17    God:    Ashenzari [****..]
Gold:   699        SH:  0    Dex: 15    Spells: 17/28 levels left

rFire    . . .     SeeInvis +   u - +4 rapier (vamp) (curse)
rCold    . . .     Faith    .   (shield restricted)
rNeg     . . .     Spirit   +   V - +2 leather armour {rPois}
rPois    +         Reflect  .   f - +2 helmet
rElec    .         Harm     .   o - +1 cloak
rCorr    .         Rampage  .   L - +1 pair of gloves
MR       ++...     Clarity  +   P - +1 pair of boots
Stlth    ++++++++..             y - amulet of guardian spirit
HPRegen  0.24/turn              C - ring of stealth
MPRegen  0.19/turn              t - ring of protection from magic

@: confusing touch
A: small, nightstalker 3
a: Curse Item, Scrying, Renounce Religion


You were on level 6 of the Lair of Beasts.
You worshipped Ashenzari.
Ashenzari was greatly pleased with you.
You visited 3 branches of the dungeon, and saw 18 of its levels.

You collected 894 gold pieces.
You spent 195 gold pieces at shops.

Inventory:

Hand Weapons
 u - a cursed +4 vampiric rapier (weapon)
 G - a +3 dagger of chaos
 T - a +0 hand crossbow
Missiles
 w - 4 curare-tipped darts (quivered)
 E - 14 atropa-tipped darts
 U - 67 bolts
Armour
 f - a +2 helmet (worn)
 n - a +2 buckler
 o - a +1 cloak (worn)
 K - a +1 ring mail of magic resistance
 L - a +1 pair of gloves (worn)
 P - a +1 pair of boots (worn)
 R - a +0 troll leather armour
 V - a +2 leather armour of poison resistance (worn)
Jewellery
 c - an uncursed ring of flight
 h - an uncursed amulet of magic regeneration
 q - an uncursed ring of poison resistance
 t - a ring of protection from magic (right hand)
 y - an amulet of guardian spirit (around neck)
 C - a ring of stealth (left hand)
 S - an uncursed ring of magical power
 Z - an uncursed amulet of regeneration
Wands
 a - a wand of polymorph (8)
 j - a wand of random effects (15)
 p - a wand of iceblast (31)
 B - a wand of disintegration (5)
 D - a wand of enslavement (11)
 M - a wand of flame (16)
 N - a wand of paralysis (6)
Scrolls
 g - 2 scrolls of fog
 k - a scroll of enchant weapon
 m - a scroll of teleportation
 r - 4 scrolls of amnesia
 s - 2 scrolls of identify
 v - 3 scrolls of magic mapping
 X - a scroll of remove curse
Potions
 b - 3 potions of mutation
 d - 2 potions of curing
 e - 4 potions of resistance
 i - 4 potions of brilliance
 l - 2 potions of lignification
 x - 2 potions of might
 z - 2 potions of flight
 A - a potion of ambrosia {unknown}
 F - 2 potions of cancellation
 H - a potion of degeneration {unknown}
 J - 2 potions of berserk rage {unknown}
 O - a potion of haste
Miscellaneous
 Q - a phial of floods


   Skills:
 * Level 10.2 Fighting
 + Level 10.5(13.7) Short Blades
 + Level 0.5 Throwing
 * Level 3.7 Armour
 + Level 10.9 Dodging
 + Level 15.3 Stealth
 * Level 2.1 Shields
 + Level 7.7 Spellcasting
 + Level 3.5 Conjurations
 * Level 9.9 Hexes
 + Level 4.4 Ice Magic
 + Level 1.6 Evocations


You had 17 spell levels left.
You knew the following spells:

 Your Spells              Type           Power        Failure   Level
a - Dazzling Flash        Conj/Hex       ####..       2%          3
b - Ensorcelled Hibernat  Hex/Ice        ####..       1%          2
c - Confusing Touch       Hex            #####...     1%          3
d - Tukima's Dance        Hex            #####...     1%          3

Your spell library contained the following spells:

 Spells                   Type           Power        Failure   Level
 Corona                   Hex            #####..      1%          1
 Freeze                   Ice            ###.         2%          1
 Cause Fear               Hex            #####.....   2%          4
 Foxfire                  Conj/Fire      ##..         7%          1
 Frozen Ramparts          Ice            ###...       7%          3
 Ozocubu's Armour         Ice            ###.....     7%          3
 Sting                    Tmut/Pois      #...         14%         1
 Poisonous Vapours        Pois/Air       #.....       22%         2
 Metabolic Englaciation   Hex/Ice        ####......   22%         5
 Mephitic Cloud           Conj/Pois/Air  ##......     26%         3
 Hailstorm                Conj/Ice       ###.....     26%         4
 Gell's Gravitas          Tloc           #.........   38%         3
 Ignite Poison            Fire/Tmut/Pois #.......     38%         3
 Yara's Violent Unravell  Hex/Tmut       ###.......   45%         5
 Summon Ice Beast         Ice/Summ       ##......     50%         4
 Olgreb's Toxic Radiance  Pois           #.......     80%         4
 Petrify                  Tmut/Erth      #.......     80%         4
 Dragon Form              Tmut           #.........   100%        7
 Dragon's Call            Summ           #.........   100%        9


Dungeon Overview and Level Annotations

Branches:
Dungeon (11/15)            Temple (1/1) D:5            Lair (6/6) D:8
  Swamp (0/4) Lair:3       Spider (0/4) Lair:2        Slime (0/5) Lair:6
    Orc (0/2) D:11

Altars:
Ashenzari
Cheibriados
Dithmenos
Elyvilon
Fedhas
Gozag
Hepliaklqana
Kikubaaqudgha
Makhleb
Nemelex Xobeh
Okawaru
Qazlal
Ru
Sif Muna
Trog
Uskayaw
Vehumet
Wu Jian
Xom
Yredelemnul
Zin
The Shining One
Beogh
Jiyva

Shops:
D:8 *   D:11 !

Annotations:
D:10 3 runed translucent doors, Psyclone's ghost, journeyman OpCj
Lair:4 2 transporters


Innate Abilities, Weirdness & Mutations

You are small and have problems with some larger weapons.
You are completely attuned to the shadows.


Message History

The eight-headed hydra barely misses you.
The eight-headed hydra bites you!
The eight-headed hydra barely misses you.
The eight-headed hydra bites you but does no damage.
The eight-headed hydra bites you.
The eight-headed hydra bites you but does no damage.
You hit the eight-headed hydra but do no damage.
The eight-headed hydra is lightly wounded.
The eight-headed hydra completely misses you.
The eight-headed hydra bites you!
* * * LOW HITPOINT WARNING * * *
The eight-headed hydra bites you.
* * * LOW HITPOINT WARNING * * *
The eight-headed hydra bites you but does no damage.
The eight-headed hydra barely misses you.
The eight-headed hydra bites you but does no damage.
The eight-headed hydra bites you.
* * * LOW HITPOINT WARNING * * *
The eight-headed hydra bites you!
You die...

.#..##...#
#..#..## .#
##########
#.#....# ,.,
###.##...#
#....#.PP#,
##..#...... , *
####...#..... ,
,* #......P.#..
* , * **
,..<........# ,
,,
,..)..##@...###,
,
,#......#D.....
, , ,
###.....Y.....
*,*
#..#.....#P.* ,,
** *#...##.## *
, * * * ..###.#
, * ,.....{## *
,* ,...#.{.## *,
, (..##.{#.# #


You could see an eight-headed hydra and a yak.

Vanquished Creatures
  Snorg (Lair:3)
  Fannar (D:11)
  4 hydras
  A boulder beetle (Lair:5)
  Erica (D:8)
  Nergalle (Lair:3)
  2 unseen horrors (D:10)
  Pikel (D:7)
  2 black mambas
  Joseph (D:9)
  Psyche (D:8)
  4 elephants (Lair:6)
  6 cane toads
  6 rime drakes
  10 komodo dragons
  A jumping spider (Lair:2)
  4 polar bears
  A troll (D:10)
  4 dream sheep (Lair:5)
  8 blink frogs
  45 yaks
  3 basilisks
  3 wyverns
  16 water moccasins
  2 orc warriors
  8 black bears
  4 sky beasts
  6 ice beasts
  2 ogres
  4 phantoms
  6 wolves (Lair:4)
  3 lemures (D:7)
  4 centaurs
  25 bullfrogs
  3 scorpions
  9 killer bees
  12 wights
  4 electric eels (Lair:3)
  A howler monkey (D:6)
  A bullfrog zombie (D:8)
  6 crimson imps (D:7)
  A quasit (D:10)
  A centaur zombie (D:7)
  6 hounds
  Crazy Yiuf (D:2)
  4 jellies
  5 orc priests
  6 orc wizards
  A centaur skeleton (D:8)
  Jessica (D:2)
  A bullfrog skeleton (D:9)
  7 hell rats (Lair:4)
  7 iguanas
  7 worker ants
  2 killer bee zombies
  A hound zombie (D:9)
  2 hound skeletons
  A mummy (D:7)
  A worker ant zombie (D:10)
  7 gnolls
  3 howler monkey skeletons
  8 adders
  2 river rats (Lair:2)
  2 shadow imps (D:7)
  5 white imps
  An ooze (D:2)
  An adder zombie (D:5)
  2 worms
  4 dart slugs
  7 leopard geckos
  28 orcs
  4 giant cockroaches
  7 goblins
  6 hobgoblins
  12 jackals
  12 kobolds
  3 quokkas
  2 ball pythons
  11 bats
  5 frilled lizards
  2 goblin zombies (D:7)
  A jackal skeleton (D:8)
  A quokka skeleton (D:4)
  7 rats
425 creatures vanquished.

Vanquished Creatures (collateral kills)
  A wight (D:6)
1 creature vanquished.

Vanquished Creatures (others)
  A bush (Lair:6)
  82 fungi
  126 plants
209 creatures vanquished.

Grand Total: 635 creatures vanquished

Notes
Turn   | Place    | Note
-------+----------+-------------------------------------------
     0 | D:1      | marklar909 the Kobold Enchanter began the quest for the
                  | Orb.
     0 | D:1      | Reached XP level 1. HP: 10/10 MP: 3/3
    88 | D:1      | Reached XP level 2. HP: 2/15 MP: 1/5
   955 | D:1      | Reached XP level 3. HP: 19/19 MP: 6/6
  1280 | D:1      | Learned a level 2 spell: Ensorcelled Hibernation
  1284 | D:1      | Learned a level 3 spell: Confusing Touch
  2181 | D:2      | Reached XP level 4. HP: 21/24 MP: 4/7
  2297 | D:2      | Noticed Jessica
  2301 | D:2      | Killed Jessica
  2301 | D:2      | Reached skill level 5 in Stealth
  2646 | D:2      | Reached XP level 5. HP: 28/28 MP: 9/9
  2836 | D:2      | Found a runed translucent door.
  2839 | D:2      | Noticed Crazy Yiuf
  3102 | D:2      | Killed Crazy Yiuf
  3315 | D:2      | Learned a level 3 spell: Tukima's Dance
  3334 | D:3      | Reached skill level 6 in Stealth
  3526 | D:3      | Reached skill level 1 in Ice Magic
  3526 | D:3      | Reached XP level 6. HP: 33/33 MP: 10/10
  3651 | D:3      | Noticed a phantom
  4723 | D:3      | Killed a phantom
  4723 | D:3      | Reached skill level 1 in Fighting
  4866 | D:4      | Reached skill level 7 in Stealth
  5099 | D:4      | Reached XP level 7. HP: 38/38 MP: 10/12
  5157 | D:4      | You fall into a shaft and drop 2 floors!
  5159 | D:6      | Found a white marble altar of Elyvilon.
  5388 | D:5      | Entered Level 5 of the Dungeon
  5821 | D:5      | Found a staircase to the Ecumenical Temple.
  5829 | Temple   | Entered the Ecumenical Temple
  5982 | Temple   | Became a worshipper of Ashenzari the Shackled
  6271 | D:4      | Reached XP level 8. HP: 42/44 MP: 3/13
  6801 | D:5      | Found a bloodstained altar of Trog.
  7001 | D:5      | Reached skill level 8 in Stealth
  7354 | D:5      | Learned a level 3 spell: Dazzling Flash
  7825 | D:5      | Reached * piety under Ashenzari
  7852 | D:5      | Reached skill level 5 in Short Blades
  8513 | D:6      | Reached skill level 1 in Conjurations
  8625 | D:6      | Reached skill level 9 in Stealth
  8625 | D:6      | Reached skill level 5 in Hexes
  8625 | D:6      | Reached XP level 9. HP: 51/51 MP: 15/15
  9043 | D:6      | Found an iron altar of Okawaru.
  9574 | D:7      | Reached skill level 5 in Dodging
  9759 | D:7      | Reached skill level 1 in Armour
 10013 | D:7      | Found a sparkling altar of Nemelex Xobeh.
 10369 | D:7      | Noticed Pikel
 10389 | D:7      | Killed Pikel
 10389 | D:7      | Reached skill level 10 in Stealth
 10574 | D:7      | Reached XP level 10. HP: 56/57 MP: 12/16
 10876 | D:8      | Noticed Psyche
 10880 | D:8      | Killed Psyche
 11146 | D:8      | Reached skill level 5 in Fighting
 11146 | D:8      | Reached skill level 5 in Spellcasting
 11160 | D:8      | Noticed a komodo dragon
 11175 | D:8      | Killed a komodo dragon
 11665 | D:8      | Found a radiant altar of Vehumet.
 12005 | D:8      | Noticed Erica
 12008 | D:8      | Killed Erica
 12234 | D:8      | Found a staircase to the Lair.
 12292 | D:8      | Found Guefol's General Store.
 12683 | D:9      | Noticed Joseph
 12738 | D:9      | Reached skill level 11 in Stealth
 12742 | D:9      | Reached XP level 11. HP: 64/64 MP: 16/19
 14007 | D:9      | Found a shadowy altar of Dithmenos.
 14117 | D:9      | Killed Joseph
 14267 | D:10     | Entered Level 10 of the Dungeon
 14285 | D:10     | Found a runed translucent gate.
 14286 | D:10     | Found a runed translucent gate.
 14286 | D:10     | Noticed Psyclone's ghost (journeyman OpCj)
 14286 | D:10     | Identified the +0 whip of Quick Death {drain, MR+ Dex+4}
 14287 | D:10     | Found a runed translucent gate.
 14527 | D:10     | HP: 3/66 [something (6)]
 14531 | D:10     | Killed an unseen horror
 14793 | D:10     | Killed an unseen horror
 14977 | D:10     | Reached skill level 1 in Evocations
 15558 | D:10     | Reached skill level 12 in Stealth
 16418 | D:11     | Found a staircase to the Orcish Mines.
 16451 | D:11     | Noticed Fannar
 16744 | D:11     | Found Lic Kol's Distillery.
 16749 | D:11     | Bought a potion of haste for 150 gold pieces
 16749 | D:11     | Bought a potion of curing for 45 gold pieces
 16960 | D:11     | Found a roughly hewn altar of Beogh.
 17039 | D:11     | Reached XP level 12. HP: 72/72 MP: 21/21
 17098 | D:11     | Reached ** piety under Ashenzari
 17600 | D:11     | Killed Fannar
 17757 | Lair:1   | Entered Level 1 of the Lair of Beasts
 18101 | Lair:1   | Reached skill level 13 in Stealth
 19130 | Lair:2   | Found a hole to the Spider Nest.
 19635 | Lair:2   | Reached *** piety under Ashenzari
 19736 | Lair:3   | Found a staircase to the Swamp.
 19940 | Lair:3   | Reached XP level 13. HP: 63/79 MP: 3/23
 20088 | Lair:3   | Reached skill level 10 in Dodging
 20112 | Lair:3   | HP: 1/79 [blink frog (13)]
 20707 | Lair:3   | Noticed Nergalle
 20715 | Lair:3   | Killed Nergalle
 20969 | Lair:3   | Reached skill level 14 in Stealth
 21166 | Lair:3   | Noticed Snorg
 22245 | Lair:3   | Killed Snorg
 22311 | Lair:4   | Found a transporter.
 23487 | Lair:4   | Reached skill level 10 in Short Blades
 23508 | Lair:4   | Found a transporter.
 24633 | Lair:5   | Noticed a boulder beetle
 24637 | Lair:5   | Killed a boulder beetle
 24789 | Lair:5   | Noticed a seven-headed hydra
 24816 | Lair:5   | Killed a seven-headed hydra
 24816 | Lair:5   | Reached skill level 1 in Shields
 25944 | Lair:6   | Entered Level 6 of the Lair of Beasts
 25966 | Lair:6   | Noticed a five-headed hydra
 25986 | Lair:6   | Killed a five-headed hydra
 25986 | Lair:6   | Reached skill level 10 in Fighting
 25986 | Lair:6   | Reached skill level 15 in Stealth
 25986 | Lair:6   | Reached XP level 14. HP: 88/88 MP: 9/25
 26540 | Lair:6   | Reached **** piety under Ashenzari
 26615 | Lair:6   | Found a viscous altar of Jiyva.
 26616 | Lair:6   | Found a staircase to the Slime Pits.
 26652 | Lair:6   | Slain by an eight-headed hydra

Illustrated notes

Levels and vault maps discovered:
D:1:      nzn_arrival_crosshair, layout_loops_ring, item_on_display_a
D:2:      layout_basic, lexackson_kobold_supper, uniq_jessica,
          uniq_crazy_yiuf_cottage
D:3:      layout_basic, kennysheep_generic_room_10
D:4:      layout_loops_corners
D:5:      layout_layer_cave, minmay_temple_entry_offerings, trog_butcher_becter
D:6:      layout_basic, overflow_temple_1_default, elyvilon_altar_5
D:7:      layout_loops_ring, nemelex_xobeh_ov_fountains_minmay,
          nicolae_ossuary_entry_giza, minmay_nine_imps, uniq_pikel
D:8:      layout_basic, vehumet_crystals, due_lair_maze_entry_diamond,
          serial_shops, kennysheep_little_box, uniq_erica, uniq_psyche
D:9:      layout_rooms, grunt_dithmenos_smoke, item_on_display_a, uniq_joseph
D:10:     layout_roguey, gammafunk_ghost_nasty_kobolds
D:11:     layout_cave_pools, minmay_orc_entry_temple_small, serial_shops, shop,
          kennysheep_nub, uniq_fannar
Temple:   compressed_dpeg_circular_temple
Lair:1:   layout_misc_corridors
Lair:2:   layout_loops_ring, spider_nest_entry_a, serial_bayou_pond_c, pond
Lair:3:   layout_cave_pods, minmay_swamp_entry_eels, uniq_nergalle, uniq_snorg
Lair:4:   gammafunk_cloud_chamber, layout_concentric_octagons
Lair:5:   layout_cave_pods
Lair:6:   due_jungle_book, layout_loops_ring, slime_altar_1

Skill      XL: |  1  2  3  4  5  6  7  8  9 10 11 12 13 14 |
---------------+-------------------------------------------+-----
Short Blades   | 2 3 4 5 6 7 8 9 10 | 10.5
Stealth        | 5 6 7 9 10 11 12 13 15 | 15.3
Spellcasting   | 3 4 5 6 7 |  7.7
Ice Magic      | 1 2 3 4 |  4.4
Dodging        | 3 4 5 7 8 9 10 | 10.9
Fighting       | 1 2 3 4 6 7 8 10 | 10.2
Hexes          | 4 5 6 7 8 9 |  9.9
Conjurations   | 1 3 |  3.5
Armour         | 1 2 3 |  3.7
Evocations     | 1 |  1.6
Shields        | 1 2 |  2.1
Throwing       | |  0.5

Action                   |  1- 3 |  4- 6 |  7- 9 | 10-12 | 13-15 || total
-------------------------+-------+-------+-------+-------+-------++-------
Melee: Dagger            |   137 |    39 |       |       |       ||   176
       Short sword       |       |    45 |       |       |       ||    45
       Rapier            |       |    16 |   226 |   609 |   320 ||  1171
Throw: Dart              |       |       |       |    12 |       ||    12
 Cast: Corona            |     9 |       |       |       |       ||     9
       Ensorcelled Hiber |    15 |    19 |    38 |    76 |    25 ||   173
       Confusing Touch   |       |     4 |    16 |    41 |    15 ||    76
       Tukima's Dance    |       |       |     2 |       |       ||     2
       Dazzling Flash    |       |       |       |     6 |    51 ||    57
Invok: Curse Item        |       |       |       |     1 |       ||     1
Evoke: Wand              |       |       |       |    13 |       ||    13
       Phial of floods   |       |       |       |     1 |       ||     1
  Use: Scroll            |       |     4 |     5 |    13 |    12 ||    34
       Potion            |       |       |       |     4 |     3 ||     7
 Stab: Sleeping          |    16 |    38 |    49 |    95 |    39 ||   237
       Distracted        |       |     2 |     4 |     2 |     1 ||     9
       Confused          |       |     3 |    16 |    42 |    13 ||    74
       Invisible         |       |       |       |       |    47 ||    47
Armor: Robe              |    31 |     7 |     3 |    82 |    27 ||   150
       Leather armour    |       |       |    15 |    33 |    26 ||    74
Dodge: Dodged            |   107 |    50 |   145 |   556 |   386 ||  1244

Table legend: (Time is in decaauts)
 A = Elapsed time spent in this place.
 B = Non-inter-level travel time spent in this place.
 C = Inter-level travel time spent in this place.
 D = Time resting spent in this place.
 E = Time spent auto-exploring this place.
 F = Levels seen in this place.
 G = Mean time per level.
                   A        B        C        D        E       F      G
               +--------+--------+--------+--------+--------+-----+--------+
         Total |  26406 |  23698 |   2708 |   5499 |  14086 |  18 | 1467.0 |
       Dungeon |  17840 |  16050 |   1790 |   4083 |   9044 |  11 | 1621.8 |
        Temple |    162 |    147 |     15 |      0 |    144 |   1 |  162.0 |
          Lair |   8402 |   7500 |    902 |   1416 |   4898 |   6 | 1400.3 |
               +--------+--------+--------+--------+--------+-----+--------+

Top non-repeatable levels by time:
  Lair:3: 2609 daAuts
     D:5: 2021 daAuts
     D:9: 1885 daAuts
     D:1: 1852 daAuts
    D:10: 1847 daAuts
     D:8: 1837 daAuts
     D:7: 1686 daAuts
  Lair:2: 1633 daAuts
  Lair:5: 1599 daAuts
     D:3: 1538 daAuts
     D:2: 1449 daAuts
  Lair:4: 1372 daAuts
    D:11: 1266 daAuts
     D:4: 1228 daAuts
     D:6: 1226 daAuts
